 Dungeon Crawl Stone Soup version 0.19-a0-1008-g4c63d25 (webtiles) character file.

15842 AlphabetPasta the Cleaver (level 12, -3/91 HPs)
             Began as a Mummy Abyssal Knight on July 21, 2016.
             Was the Champion of Lugonu.
             Slain by a centaur warrior (8 damage)
             ... on level 14 of the Dungeon on July 22, 2016.
             The game lasted 01:19:45 (14741 turns).

AlphabetPasta the Cleaver (Mummy Abyssal Knight)   Turns: 14741, Time: 01:19:46

Health: -3/91      AC: 15    Str: 22    XL:     12   Next: 4%
Magic:  16/16      EV: 14    Int: 11    God:    Lugonu [******]
Gold:   812        SH:  0    Dex: 17    Spells: 0 memorised, 11 levels left

rFire  x . .     SeeInvis +     f - +2 hand axe (venom)
rCold  + . .     Gourm    .     m - +1 ring mail {rPois}
rNeg   + + +     Faith    .     (no shield)
rPois  ∞         Spirit   .     j - +1 helmet
rElec  .         Dismiss  .     s - +0 cloak
rCorr  .         Reflect  .     g - +0 pair of gloves of Refuge {Str+3}
SustAt .         Harm     .     w - +2 pair of boots
MR     +....                    (no amulet)
Stlth  +.........               q - +4 ring of dexterity
                                B - ring of see invisible

@: somewhat resistant to hostile enchantments, very unstealthy
A: no food or potions, fire vulnerability, cold resistance 1, negative energy
resistance 3, torment resistance, unbreathing
a: Depart the Abyss, Bend Space, Banish, Corrupt, Enter the Abyss, Brand Weapon
With Distortion, Renounce Religion


You were on level 14 of the Dungeon.
You worshipped Lugonu.
Lugonu was exalted by your worship.
You were not hungry.

You visited 2 branches of the dungeon, and saw 13 of its levels.
You visited the Abyss 1 time.
You also visited: Ice Cave.

You collected 812 gold pieces.

Inventory:

Hand Weapons
 a - a +2 hand axe
 e - a +1 war axe
 f - a +2 hand axe of venom (weapon)
 r - a +0 battleaxe
 u - the +8 hand axe "Xuhavef" {freeze, *Noise rN+++ Dex+5}
   (You found it on level 6 of the Dungeon)

   It has been specially enchanted to freeze those struck by it, causing extra
   injury to most foes and up to half again as much damage against particularly
   susceptible opponents.
   It can also slow down cold-blooded creatures.
   It affects your dexterity (+5).
   It renders you almost immune to negative energy.
   It may make noises in combat.
 z - a +0 executioner's axe
 A - a -2 hand crossbow
 F - a +1 executioner's axe of freezing
 G - a +3 trident of flaming
Missiles
 o - a throwing net (quivered)
 p - 93 bolts
Armour
 b - a +0 leather armour
 c - a +0 pair of boots
 g - the +0 pair of gloves of Refuge (worn) {Str+3}
   (You found it on level 4 of the Dungeon)

   It affects your strength (+3).
 j - a +1 helmet (worn)
 m - a +1 ring mail of poison resistance (worn)
 s - a +0 cloak (worn)
 w - a +2 pair of boots (worn)
Magical Staves
 E - an uncursed staff of fire {unknown}
 H - an uncursed staff of wizardry {unknown}
Jewellery
 h - an uncursed ring of resist corrosion
 i - an uncursed ring of sustain attributes
 q - a +4 ring of dexterity (right hand)
 B - a ring of see invisible (left hand)
Wands
 l - a wand of random effects (15/48)
 n - a wand of acid (0/15)
 y - a wand of lightning (0/15)
 C - a wand of polymorph (14/24)
Scrolls
 d - 11 scrolls of identify
 k - 2 scrolls of remove curse
 t - 3 scrolls of blinking
 v - 3 scrolls of enchant armour
 x - a scroll of fog
 D - a scroll of noise {unknown}


   Skills:
 - Level 7.1 Fighting
 * Level 11.5 Axes
 - Level 3.0 Crossbows
 - Level 6.0 Armour
 + Level 5.2 Dodging
 + Level 6.5 Invocations
 + Level 2.5 Evocations


You had 11 spell levels left.
You didn't know any spells.

Dungeon Overview and Level Annotations

Branches:
Dungeon (14/15)            Temple (1/1) D:4            Lair (0/6) D:9
    Orc: D:9-12      Vaults: D:13-14

Altars:
Ashenzari
Cheibriados
Dithmenos
Elyvilon
Fedhas
Gozag
Hepliaklqana
Kikubaaqudgha
Makhleb
Nemelex Xobeh
Okawaru
Pakellas
Qazlal
Ru
Sif Muna
Trog
Uskayaw
Vehumet
Xom
Yredelemnul
Zin
The Shining One


Innate Abilities, Weirdness & Mutations

You do not eat or drink.
Your flesh is vulnerable to fire.
You are immune to poison.
Your flesh is cold resistant. (rC+)
You are immune to negative energy. (rN+++)
You are immune to unholy pain and torment.
You can survive without breathing.


Message History

* * * LOW HITPOINT WARNING * * *
You completely miss the centaur warrior.
The centaur warrior is heavily wounded.
The centaur warrior hits you but does no damage.
You hit the centaur warrior.
The centaur warrior is severely wounded.
The centaur warrior hits you.
* * * LOW HITPOINT WARNING * * *
You hit the centaur warrior but do no damage.
The centaur warrior looks as sick as possible!
The centaur warrior is severely wounded.
The centaur warrior completely misses you.
The cyclops throws a large rock.
The large rock hits you!
* * * LOW HITPOINT WARNING * * *
The centaur warrior hits you but does no damage.
You hit the centaur warrior but do no damage.
The centaur warrior looks as sick as possible!
The centaur warrior is severely wounded.
The centaur warrior hits you!
You die...

........ ....... C.....
...............
.......... ....
.......... .!.#
.........# #..#
.........# #.C##
.........###(..###.
.........c@(.(......
.....$.)............
#......(............
##........(...........
##.....................#
##....................#
##...................##
##............# #....##
##...........# #......


You could see a centaur warrior and a cyclops.

Vanquished Creatures
  The ghost of edsrzf the Carver, a journeyman HEBe of Trog (D:10)
  The ghost of hoot the Destroyer, a journeyman DgWz (IceCv)
  Pikel (D:6)
  A hill giant (D:10)
  A deep elf mage (D:14)
  2 ugly things (IceCv)
  3 ice statues (IceCv)
  A tengu conjurer (D:8)
  A troll (D:10)
  A two-headed ogre (D:8)
  A vampire (D:10)
  A shadow (D:10)
  2 wyverns (D:10)
  11 yaks
  A hungry ghost (D:8)
  A basilisk (D:14)
  Eustachio (D:5)
  A hippogriff (D:10)
  3 orc warriors
  5 sky beasts
  2 phantoms
  A black bear (D:10)
  19 ice beasts
  A wasp (D:10)
  7 centaurs
  6 ogres
  2 crocodiles
  Blork the orc (D:6)
  10 giant frogs
  Dowan (D:6)
  2 wyvern zombies (D:8)
  A water moccasin zombie (D:5)
  A wyvern skeleton (D:14)
  3 scorpions
  5 killer bees (D:8)
  4 wights (D:14)
  5 howler monkeys (D:7)
  5 crimson imps
  6 hounds
  A centaur zombie (D:9)
  A jelly (D:6)
  7 orc priests
  3 centaur skeletons
  2 gnoll shamans (D:7)
  Crazy Yiuf (D:6)
  9 orc wizards
  9 iguanas
  10 worker ants
  2 hound zombies
  3 hound skeletons
  A howler monkey zombie (D:6)
  Robin (D:3)
  8 gnolls (D:7)
  12 adders
  3 shadow imps
  3 oozes (D:2)
  2 adder skeletons
  An adder zombie (D:5)
  3 worms
  2 giant geckos
  22 orcs
  A ball python (D:2)
  7 giant cockroaches
  13 goblins
  9 hobgoblins
  10 jackals
  4 quokkas
  7 bats
  3 giant gecko skeletons
  5 giant newts
  9 kobolds
  A quokka skeleton (D:4)
  10 rats
307 creatures vanquished.

Vanquished Creatures (others)
  A slave (D:6)
  Duvessa (D:6)
  A jackal (D:6)
  A ball python (D:6)
4 creatures vanquished.

Grand Total: 311 creatures vanquished

Notes
Turn   | Place    | Note
-------+----------+-------------------------------------------
     0 | Abyss:1  | AlphabetPasta the Mummy Abyssal Knight began the quest for the Orb.
     0 | Abyss:1  | Reached XP level 1. HP: 18/18 MP: 2/2
    59 | Abyss:1  | Noticed a ynoxinul
    60 | D:1      | Escaped the Abyss
   381 | D:1      | Reached * piety under Lugonu
   417 | D:1      | Reached skill level 1 in Dodging
   417 | D:1      | Reached XP level 2. HP: 14/24 MP: 3/3
   778 | D:2      | Reached skill level 2 in Axes
   849 | D:2      | Reached XP level 3. HP: 13/29 MP: 4/4
  1294 | D:2      | Reached ** piety under Lugonu
  1920 | D:2      | Reached XP level 4. HP: 32/35 MP: 5/5
  2082 | D:2      | Found a faded altar of an unknown god.
  2498 | D:2      | Reached skill level 3 in Axes
  2699 | D:3      | Noticed Robin
  2800 | D:3      | Killed Robin
  2800 | D:3      | Reached XP level 5. HP: 39/41 MP: 6/6
  2892 | D:3      | Found a shadowy altar of Dithmenos.
  2971 | D:3      | Reached *** piety under Lugonu
  3546 | D:4      | Noticed a phantom
  3843 | D:4      | Got a pair of dazzling gloves
  3855 | D:4      | Identified the +0 pair of gloves of Refuge {Str+3} (You found it on level 4 of the Dungeon)
  3947 | D:4      | Reached XP level 6. HP: 45/47 MP: 8/8
  3976 | D:4      | Found a radiant altar of Vehumet.
  3976 | D:4      | Found a burning altar of Makhleb.
  3996 | D:4      | Reached skill level 4 in Axes
  4187 | D:4      | Found a staircase to the Ecumenical Temple.
  4191 | Temple   | Entered the Ecumenical Temple
  4516 | D:5      | Entered Level 5 of the Dungeon
  4807 | D:5      | Reached XP level 7. HP: 37/52 MP: 9/9
  5119 | D:5      | Reached skill level 5 in Axes
  5124 | D:5      | Noticed Eustachio
  5157 | D:5      | Killed Eustachio
  5311 | D:5      | Reached XP level 8. HP: 52/58 MP: 11/11
  5600 | D:6      | Reached skill level 6 in Axes
  5773 | D:6      | Reached **** piety under Lugonu
  5812 | D:6      | Noticed Pikel
  5843 | D:6      | Killed Pikel
  5843 | D:6      | Reached skill level 7 in Axes
  5961 | D:6      | Noticed Blork the orc
  5961 | D:6      | Noticed Duvessa
  5963 | D:6      | Noticed Dowan
  6002 | D:6      | Killed Duvessa
  6002 | D:6      | Reached XP level 9. HP: 60/65 MP: 12/12
  6007 | D:6      | Killed Dowan
  6026 | D:6      | Killed Blork the orc
  6026 | D:6      | Reached skill level 5 in Invocations
  6297 | D:6      | Found a runed door.
  6407 | D:6      | Noticed Crazy Yiuf
  6417 | D:6      | Killed Crazy Yiuf
  6695 | D:6      | Got a jewelled hand axe
  6696 | D:6      | Identified the +8 hand axe "Xuhavef" {freeze, *Noise rN+++ Dex+5} (You found it on level 6 of the Dungeon)
  6990 | D:7      | Found a glowing golden altar of the Shining One.
  6994 | D:7      | Found a sacrificial altar of Ru.
  7097 | D:7      | Reached skill level 8 in Axes
  7143 | D:7      | Reached ***** piety under Lugonu
  7184 | D:7      | Found an opulent altar of Gozag.
  7185 | D:7      | Found a glowing silver altar of Zin.
  7343 | D:7      | Reached skill level 5 in Fighting
  7717 | D:8      | Reached XP level 10. HP: 71/74 MP: 13/13
  7734 | D:8      | Reached skill level 9 in Axes
  7773 | D:8      | Reached skill level 5 in Armour
  8071 | D:8      | Identified Qenups's Volume of Floating Attacks
  8933 | D:9      | Reached skill level 1 in Crossbows
  9093 | D:8      | Reached skill level 1 in Evocations
  9333 | D:8      | Reached skill level 10 in Axes
  9643 | D:9      | Found a staircase to the Lair.
 10045 | D:10     | Entered Level 10 of the Dungeon
 10054 | D:10     | Reached XP level 11. HP: 78/81 MP: 15/15
 10143 | D:10     | Reached ****** piety under Lugonu
 10147 | D:10     | Noticed a hill giant
 10272 | D:10     | Noticed edsrzf's ghost (journeyman HEBe)
 10697 | D:10     | Killed edsrzf's ghost
 11211 | D:10     | Killed a hill giant
 11445 | D:11     | You fall through a shaft for 3 floors!
 11453 | D:14     | Reached skill level 5 in Dodging
 11484 | D:14     | Found a frozen archway.
 11497 | D:14     | Reached skill level 11 in Axes
 11544 | IceCv    | Entered an ice cave
 11764 | IceCv    | Noticed a white ugly thing
 11795 | IceCv    | HP: 2/84 [white ugly thing (10)]
 11796 | IceCv    | Killed a white ugly thing
 14288 | IceCv    | Noticed a white ugly thing
 14289 | IceCv    | Noticed hoot's ghost (journeyman DgWz)
 14303 | IceCv    | Killed a white ugly thing
 14335 | IceCv    | Killed hoot's ghost
 14559 | D:14     | Noticed an eight-headed hydra
 14622 | D:14     | Found a shimmering altar of Xom.
 14640 | D:14     | Reached XP level 12. HP: 86/91 MP: 16/16
 14723 | D:14     | Noticed a centaur warrior
 14741 | D:14     | Slain by a centaur warrior

Vault maps used:
D:1:      lemuel_arrival_river_ford, minmay_tromino_v2
D:2:      ecumenical_altar_2, first_bread
D:3:      nicolae_dithmenos_shadow_blocks, uniq_robin
D:4:      kennysheep_spiral_hall, grunt_temple_overflow_lords_of_destruction
D:5:      uniq_eustachio
D:6:      kennysheep_opposing_triangles, uniq_pikel, uniq_blork_the_orc,
          uniq_crazy_yiuf_cottage, uniq_duvessa
D:7:      grunt_temple_overflow_gold_and_silver, grunt_temple_overflow_open
D:8:      minmay_imperfect_grid
D:9:      lair_0_dummy
D:11:     serial_shops, shop, hangedman_fish_farm, uniq_snorg
D:14:     portal_ice_cave_entry_ice_beasts, serial_shops, shop_fountains,
          kennysheep_mini_moat, basic_altar, minmay_misc_feat_tower
Temple:   regret_index_temple_generic_petals
Abyss:1:  bh_abyss_negative
IceCv:    ice_cave_statue_garden_chambered

Skill      XL: |  1  2  3  4  5  6  7  8  9 10 11 |
---------------+----------------------------------+-----
Dodging        | 1 2 3 4 5 |  5.2
Axes           | 2 3 4 5 7 8 10 11 | 11.5
Armour         | 2 3 4 5 6 |  6.0
Invocations    | 2 3 4 5 6 |  6.5
Fighting       | 4 5 6 7 |  7.1
Crossbows      | 1 3 |  3.0
Evocations     | 1 2 |  2.5

Action                   |  1- 3 |  4- 6 |  7- 9 | 10-12 || total
-------------------------+-------+-------+-------+-------++-------
Melee: Hand axe          |   156 |   224 |   350 |   821 ||  1551
       War axe           |       |    18 |       |       ||    18
 Fire: Hand crossbow     |       |       |       |    62 ||    62
Throw: Throwing net      |       |       |     1 |       ||     1
Invok: Depart the Abyss  |     1 |       |       |       ||     1
       Bend Space        |       |     1 |       |       ||     1
Evoke: Wand              |       |       |       |    11 ||    11
  Use: Scroll            |       |    10 |     1 |    12 ||    23
 Stab: Distracted        |       |       |       |     1 ||     1
Armor: Leather armour    |    51 |    60 |     5 |       ||   116
       Ring mail         |       |       |   110 |   297 ||   407
Dodge: Dodged            |    98 |   137 |   177 |   398 ||   810
